[Event "23rd ETCC Women 2021"]
[Site "Catez"]
[Date "2021.11.19"]
[Round "7.24"]
[White "Lanchava, Tea"]
[Black "Movileanu, Daniela"]
[Result "1-0"]
[ECO "A16"]
[WhiteElo "2215"]
[BlackElo "2214"]
[Annotator "ChessBase"]
[PlyCount "135"]
[EventDate "2021.11.08"]
[EventType "team-tourn"]
[EventCountry "SLO"]
[SourceTitle "playchess.com"]
[Source "ChessBase"]
[SourceQuality "1"]
[WhiteTeam "Netherlands"]
[BlackTeam "Italy"]
[WhiteTeamCountry "NED"]
[BlackTeamCountry "ITA"]
[TimeControl "40/5400+30:1800+30"]

1. c4 Nf6 2. Nc3 d5 3. cxd5 Nxd5 4. g3 g6 5. Bg2 Nb6 6. d3 Bg7 7. Be3 Nc6 8. Qd2 Nd4 9. Rc1 Nf5 10. Bc5 O-O 11. Nf3 c6 12. O-O Re8 13.
g4 Nd4 14. Nxd4 Bxd4 15. Bxd4 Qxd4 16. h3 Nc4 17. Qc2 Nd6 18. e3 Qf6 19. d4 Be6 20. b3 Qh4 21. e4 h5 22. f3 Rad8 23.
Ne2 Bc8 24. Qc5 b6 25. Qxc6 Ba6 26. Qc2 hxg4 27. hxg4 Qg5 28. Rcd1 Qe3+ 29. Rf2 Bxe2 30. Qxe2 Qxe2 31. Rxe2 Nb5 32. Red2 Nc3 33.
Re1 e6 34. Bf1 Rc8 35. Rc2 b5 36. b4 Rc7 37. Rec1 Rec8 38. Kh2 Kf8 39. a4 a6 40. axb5 axb5 41. Ra1 Ke7 42. Rd2 Rd8 43. g5 Rcd7 44. Rc2 Rc7 45.
Rac1 Rdc8 46. Bd3 Kd8 47. Kg2 Na2 48. Rxc7 Rxc7 49. Rxc7 Kxc7 50. Bxb5 Kd8 51. Kf2 Nxb4 52. Ba4 Nd3+ 53. Ke3 Ne1 54. d5 exd5 55. exd5 Ke7 56. Ke4 Kd6 57. Be8 Ke7 58. Bb5 Kd6 59. f4 Ng2 60. Be2 Ne1 61. Bd1 Ng2 62. Bg4 Ne1 63. Bd1 Ng2 64. Bf3 Ne1 65. Be2 Nc2 66. Bc4 Kc5 67. d6 f6 68. d7 1-0

[Event "23rd ETCC Women 2021"]
[Site "Catez"]
[Date "2021.11.19"]
[Round "7.25"]
[White "Vega Gutierrez, Sabrina"]
[Black "Sebag, Marie"]
[Result "0-1"]
[ECO "B34"]
[WhiteElo "2394"]
[BlackElo "2447"]
[Annotator "NA"]
[PlyCount "82"]
[EventDate "2021.11.08"]
[EventType "team-tourn"]
[EventCountry "SLO"]
[SourceTitle "playchess.com"]
[Source "ChessBase"]
[SourceQuality "1"]
[WhiteTeam "Spain"]
[BlackTeam "France"]
[WhiteTeamCountry "ESP"]
[BlackTeamCountry "FRA"]
[TimeControl "40/5400+30:1800+30"]

1. e4 c5 2. Nc3 Nc6 3. Nge2 g6 4. d4 cxd4 5. Nxd4 Bg7 6. Be3 Nf6 7. Nb3 O-O 8. Qd2 a5 9. a4 Nb4 10. O-O-O d5 11. f3 e6 12. g4 Bd7 13.
Bd4 dxe4 14. fxe4 e5 15. Bxe5 Bxg4 16. Qxd8 Rfxd8 17. Rxd8+ Rxd8 18. Bb5 b6 19. Bd4 Rb8 20. Rf1 Nd7 21.
Nd5 Nxd5 22. exd5 Rd8 23. Bxd7 Rxd7 24. Bxb6 Rxd5 25. Bxa5 Bd7 26. Rd1 Bxb2+ 27. Kxb2 Rxd1 28. Nc5 Bc6 29.
Bb6 Rd2 30. a5 Rxh2 31. a6 Re2 32. Nb3 Re8 33. a7 h5 34.
Nd4 Bg2 35. Bc7 Rc8 36. Bb8 h4 37. Nb5 h3 38. Nc3 f5 39.
Na4 g5 40. Nb6 Re8 41. c4 Bb7 0-1

[Event "23rd ETCC Women 2021"]
[Site "Catez"]
[Date "2021.11.19"]
[Round "7.26"]
[White "Guichard, Pauline"]
[Black "Garcia Martin, Marta"]
[Result "1-0"]
[ECO "D37"]
[WhiteElo "2409"]
[BlackElo "2324"]
[Annotator "NA"]
[PlyCount "77"]
[EventDate "2021.11.08"]
[EventType "team-tourn"]
[EventCountry "SLO"]
[SourceTitle "playchess.com"]
[Source "ChessBase"]
[SourceQuality "1"]
[WhiteTeam "France"]
[BlackTeam "Spain"]
[WhiteTeamCountry "FRA"]
[BlackTeamCountry "ESP"]
[TimeControl "40/5400+30:1800+30"]

1. d4 Nf6 2. c4 e6 3. Nf3 d5 4. Nc3 a6 5. cxd5 exd5 6. Bg5 Be6 7. Bxf6 Qxf6 8. Qb3 Ra7 9. a3 b5 10. a4 b4 11. a5 c6 12. Na4 Bd6 13. e3 O-O 14. Bd3 Re7 15. h3 Qh6 16. Qc2 Kh8 17. Rf1 f5 18. O-O-O f4 19. Kb1 fxe3 20. fxe3 Bg8 21. Rfe1 Rfe8 22. Nc5 Rxe3 23. Rxe3 Rxe3 24. Nb3 Bf7 25. Ka2 Bh5 26. Rf1 Bxf3 27. Rxf3 Rxf3 28. gxf3 Qxh3 29. Bxa6 Qd7 30. Bd3 g6 31. a6 Kg7 32. Qe2 Qc7 33. Kb1 Nd7 34. Qe6 c5 35. a7 Qxa7 36. Qxd6 c4 37. Qe7+ Kh6 38. Nc5 cxd3 39. Ne6 1-0

[Event "23rd ETCC Women 2021"]
[Site "Catez"]
[Date "2021.11.19"]
[Round "7.27"]
[White "Matnadze, Ana"]
[Black "Milliet, Sophie"]
[Result "1/2-1/2"]
[ECO "A06"]
[WhiteElo "2418"]
[BlackElo "2418"]
[Annotator "NA"]
[PlyCount "72"]
[EventDate "2021.11.08"]
[EventType "team-tourn"]
[EventCountry "SLO"]
[SourceTitle "playchess.com"]
[Source "ChessBase"]
[SourceQuality "1"]
[WhiteTeam "Spain"]
[BlackTeam "France"]
[WhiteTeamCountry "ESP"]
[BlackTeamCountry "FRA"]
[TimeControl "40/5400+30:1800+30"]

1. Nf3 c5 2. b3 d5 3. e3 Nf6 4. Bb2 e6 5. Bb5+ Nbd7 6. c4 a6 7. Bxd7+ Bxd7 8.
Ne5 Be7 9. O-O O-O 10. d3 b5 11. Nd2 a5 12. Nxd7 Qxd7 13. Nf3 a4 14. Qe2 Qb7 15. cxb5 Qxb5 16. bxa4 Rxa4 17. Be5 Rfa8 18. Rfb1 Qa6 19. h3 Nd7 20. Bc3 Bf6 21. Bxf6 gxf6 22. Rb2 Ra3 23. Ne1 Ne5 24. Rd2 c4 25. dxc4 Qxc4 26. Kf1 f5 27. Rc2 Qxe2+ 28. Kxe2 Kg7 29. Rb2 Nc4 30. Rc2 Nd6 31. Nd3 Ne4 32. Nc1 Rb8 33. Ke1 Nc3 34. Kd2 Ne4+ 35. Ke1 Nc3 36. Kd2 Ne4+ 1/2-1/2

[Event "23rd ETCC Women 2021"]
[Site "Catez"]
[Date "2021.11.19"]
[Round "7.28"]
[White "Navrotescu, Andreea"]
[Black "Eizaguerri Floris, Maria"]
[Result "1-0"]
[ECO "D35"]
[WhiteElo "2210"]
[BlackElo "2328"]
[Annotator "NA"]
[PlyCount "75"]
[EventDate "2021.11.08"]
[EventType "team-tourn"]
[EventCountry "SLO"]
[SourceTitle "playchess.com"]
[Source "ChessBase"]
[SourceQuality "1"]
[WhiteTeam "France"]
[BlackTeam "Spain"]
[WhiteTeamCountry "FRA"]
[BlackTeamCountry "ESP"]
[TimeControl "40/5400+30:1800+30"]

1. d4 d5 2. c4 e6 3. Nc3 Nf6 4. cxd5 exd5 5. Bg5 c6 6. e3 Be7 7. Bd3 Nbd7 8. h3 Nb6 9. Bf4 Be6 10. Nf3 h6 11. Qc2 Bd6 12. Ne5 Rc8 13.
O-O O-O 14. Qe2 Bb8 15. Bg3 c5 16. Rad1 Qe7 17. Bh4 Rfd8 18.
f4 a6 19. f5 Bd7 20. Ng4 cxd4 21. exd4 Qxe2 22. Nxf6+ gxf6 23.
Nxe2 Nc4 24. Bxc4 dxc4 25. Bxf6 Re8 26. Nc3 Rc6 27. Bh4 f6 28. Bf2 Kf7 29. d5 Rcc8 30. Bb6 Re5 31. g4 h5 32. Kg2 Bd6 33.
Bd4 Re7 34. Kf3 Rh8 35. g5 fxg5 36. Bxh8 g4+ 37. hxg4 hxg4+ 38. Kxg4 1-0

[Event "23rd ETCC Women 2021"]
[Site "Catez"]
[Date "2021.11.19"]
[Round "7.29"]
[White "Danielian, Elina"]
[Black "Injac, Teodora"]
[Result "1/2-1/2"]
[ECO "E14"]
[WhiteElo "2450"]
[BlackElo "2387"]
[Annotator "ChessBase"]
[PlyCount "89"]
[EventDate "2021.11.08"]
[EventType "team-tourn"]
[EventCountry "SLO"]
[SourceTitle "playchess.com"]
[Source "ChessBase"]
[SourceQuality "1"]
[WhiteTeam "Armenia"]
[BlackTeam "Serbia"]
[WhiteTeamCountry "ARM"]
[BlackTeamCountry "SRB"]
[TimeControl "40/5400+30:1800+30"]

1. Nf3 d5 2. d4 Nf6 3. c4 e6 4. e3 b6 5. Nc3 Bd6 6. Bd3 Bb7 7. cxd5 exd5 8. O-O O-O 9. Qc2 a6 10. e4 dxe4 11. Nxe4 h6 12. Bd2 Bxe4 13. Bxe4 Nxe4 14. Qxe4 Nd7 15. Rfd1 Nf6 16. Qd3 Re8 17. Rac1 Qd7 18. Bc3 Nd5 19. Re1 Nf4 20. Qf1 Qb5 21. Rc2 Qd5 22. a3 a5 23. Rd2 Rxe1 24. Qxe1 Kf8 25. Qf1 Re8 26. Ne5 Re6 27. f3 f6 28. g3 fxe5 29. dxe5 Bc5+ 30. Kh1 Qc6 31. gxf4 Be3 32. Rd8+ Ke7 33. f5 Kxd8 34. fxe6 Ke7 35. Qe2 Bf4 36. Kg2 Qd5 37. Qc2 Qxe6 38. Qe4 g5 39. h4 Kd7 40. h5 Qf7 41. Qd3+ Ke7 42. Qg6 Qc4 43.
Qc2 Qf7 44. Qg6 Qc4 45. Qc2 1/2-1/2

[Event "23rd ETCC Women 2021"]
[Site "Catez"]
[Date "2021.11.19"]
[Round "7.30"]
[White "Eric, Jovana"]
[Black "Mkrtchian, Lilit"]
[Result "0-1"]
[ECO "C10"]
[WhiteElo "2253"]
[BlackElo "2379"]
[Annotator "NA"]
[PlyCount "88"]
[EventDate "2021.11.08"]
[EventType "team-tourn"]
[EventCountry "SLO"]
[SourceTitle "playchess.com"]
[Source "ChessBase"]
[SourceQuality "1"]
[WhiteTeam "Serbia"]
[BlackTeam "Armenia"]
[WhiteTeamCountry "SRB"]
[BlackTeamCountry "ARM"]
[TimeControl "40/5400+30:1800+30"]

1. e4 e6 2. d4 d5 3. Nc3 Be7 4. Be3 dxe4 5. Nxe4 Nf6 6. Nxf6+ Bxf6 7. Nf3 b6 8. Bb5+ c6 9. Bd3 Nd7 10. Qe2 Bb7 11. O-O O-O 12. Rad1 Qc7 13.
Ng5 g6 14. Qg4 c5 15. Bf4 Qc8 16. Ne4 cxd4 17. Nd6 Qc7 18. Nxf7 e5 19. Nh6+ Kh8 20. Bc1 Nc5 21. Qg3 Bg7 22. Rfe1 Rac8 23. f3 e4 24. Qxc7 Rxc7 25. fxe4 Nxd3 26. Rxd3 Rxc2 27. Rf3 Rxf3 28. gxf3 d3 29. Rd1 Rxc1 30. Nf7+ Kg8 31. Rxc1 Kxf7 32. Rc7+ Ke6 33. Kf2 Ba6 34. Ke1 Bxb2 35. Kd2 Be5 36. Rxa7 Bf4+ 37. Kd1 Bc4 38. h3 b5 39. Ra8 Ke5 40. h4 Kd4 41. e5 Bxe5 42. Ra7 Bf4 43. Re7 Bxa2 44. Re4+ Kc3 0-1

[Event "23rd ETCC Women 2021"]
[Site "Catez"]
[Date "2021.11.19"]
[Round "7.31"]
[White "Gaboyan, Susanna"]
[Black "Manakova, Maria"]
[Result "0-1"]
[ECO "A07"]
[WhiteElo "2253"]
[BlackElo "2289"]
[Annotator "NA"]
[PlyCount "68"]
[EventDate "2021.11.08"]
[EventType "team-tourn"]
[EventCountry "SLO"]
[SourceTitle "playchess.com"]
[Source "ChessBase"]
[SourceQuality "1"]
[WhiteTeam "Armenia"]
[BlackTeam "Serbia"]
[WhiteTeamCountry "ARM"]
[BlackTeamCountry "SRB"]
[TimeControl "40/5400+30:1800+30"]

1. Nf3 Nf6 2. g3 g6 3. Bg2 Bg7 4. O-O O-O 5. d3 d5 6. Nbd2 Nc6 7. e4 e5 8. c3 a5 9. a4 Re8 10. exd5 Nxd5 11. Re1 Be6 12. Nc4 f6 13. Nfd2 Qd7 14. Ne4 b6 15. Be3 Rad8 16. Qc2 Kh8 17. Rad1 Qf7 18. Bc1 h6 19. h3 Nde7 20. b3 g5 21. Kh2 f5 22. Ned2 Bd5 23.
f3 Be6 24. f4 exf4 25. gxf4 Bd5 26. Nf3 g4 27. Nfe5 Nxe5 28. fxe5 gxh3 29. Bxd5 Nxd5 30. d4 Rg8 31. Rd3 Qg6 32. Rg3 Bxe5 33. Nxe5 Qxg3+ 34. Kh1 Qxe1+ 0-1

[Event "23rd ETCC Women 2021"]
[Site "Catez"]
[Date "2021.11.19"]
[Round "7.32"]
[White "Gajcin, Marina"]
[Black "Ghukasyan, Siranush"]
[Result "1/2-1/2"]
[ECO "C54"]
[WhiteElo "2198"]
[BlackElo "2168"]
[Annotator "NA"]
[PlyCount "59"]
[EventDate "2021.11.08"]
[EventType "team-tourn"]
[EventCountry "SLO"]
[SourceTitle "playchess.com"]
[Source "ChessBase"]
[SourceQuality "1"]
[WhiteTeam "Serbia"]
[BlackTeam "Armenia"]
[WhiteTeamCountry "SRB"]
[BlackTeamCountry "ARM"]
[TimeControl "40/5400+30:1800+30"]

1. e4 e5 2. Nf3 Nc6 3. Bc4 Bc5 4. c3 Nf6 5. d3 d6 6. Nbd2 a6 7. Bb3 O-O 8. h3 h6 9. O-O Be6 10. Re1 Re8 11. Nf1 d5 12. exd5 Bxd5 13.
Bc2 e4 14. dxe4 Bxe4 15. Be3 Qxd1 16. Bxd1 Bxe3 17. Nxe3 Rad8 18. Be2 Nd5 19. Nxd5 Bxd5 20. b3 Ne5 21. Nxe5 Rxe5 22. Bg4 Rde8 23. Rxe5 Rxe5 24. Rd1 Bc6 25. Rd8+ Re8 26. Rxe8+ Bxe8 27. Bf3 b6 28. Kf1 Kf8 29. Ke2 Ke7 30. Kd3 1/2-1/2

[Event "23rd ETCC Women 2021"]
[Site "Catez"]
[Date "2021.11.19"]
[Round "7.33"]
[White "Petrova, Kristyna"]
[Black "Repkova, Eva"]
[Result "1-0"]
[ECO "E40"]
[WhiteElo "2275"]
[BlackElo "2307"]
[Annotator "NA"]
[PlyCount "91"]
[EventDate "2021.11.08"]
[EventType "team-tourn"]
[EventCountry "SLO"]
[SourceTitle "playchess.com"]
[Source "ChessBase"]
[SourceQuality "1"]
[WhiteTeam "Czech Republic"]
[BlackTeam "Slovakia"]
[WhiteTeamCountry "CZE"]
[BlackTeamCountry "SVK"]
[TimeControl "40/5400+30:1800+30"]

1. d4 Nf6 2. c4 e6 3. Nc3 Bb4 4. e3 Nc6 5. Nge2 d5 6. cxd5 exd5 7. a3 Bd6 8.
Qc2 O-O 9. Ng3 Re8 10. Be2 g6 11. Bd2 a5 12. O-O Bd7 13. Rfe1 Bf8 14. Rac1 Bg7 15. Bd3 Be6 16. Bb5 Bd7 17. Bd3 Be6 18. Na4 Nd7 19. Qb3 Ra7 20. Ne2 Ne7 21. Nf4 c6 22. Nc5 Nxc5 23. dxc5 Bf5 24. Bf1 Be5 25. Ne2 Qc7 26. Ng3 Be6 27. Qc2 b5 28. cxb6 Qxb6 29. b4 axb4 30. Bxb4 Qc7 31. Qc5 Rea8 32. Rc2 h5 33. Bd3 h4 34. Nf1 Qc8 35. e4 Bf4 36. Qd4 c5 37. Rxc5 Nc6 38. Rxc6 Qxc6 39. Bc3 Kf8 40. exd5 Qxd5 41. Qg7+ Ke7 42. Qf6+ Ke8 43. Be4 Qg5 44. Bc6+ Kf8 45. Qh8+ Ke7 46. Bxa8 1-0

[Event "23rd ETCC Women 2021"]
[Site "Catez"]
[Date "2021.11.19"]
[Round "7.34"]
[White "Hagarova, Zuzana"]
[Black "Miturova, Magdalena"]
[Result "1-0"]
[ECO "C93"]
[WhiteElo "2292"]
[BlackElo "2248"]
[Annotator "ChessBase"]
[PlyCount "97"]
[EventDate "2021.11.08"]
[EventType "team-tourn"]
[EventCountry "SLO"]
[SourceTitle "playchess.com"]
[Source "ChessBase"]
[SourceQuality "1"]
[WhiteTeam "Slovakia"]
[BlackTeam "Czech Republic"]
[WhiteTeamCountry "SVK"]
[BlackTeamCountry "CZE"]
[TimeControl "40/5400+30:1800+30"]

1. e4 e5 2. Nf3 Nc6 3. Bb5 a6 4. Ba4 Nf6 5. O-O Be7 6. Re1 b5 7. Bb3 d6 8. c3 O-O 9. h3 h6 10. d4 Re8 11. Nbd2 Bf8 12. a3 Bb7 13. Bc2 Nb8 14. a4 Nbd7 15. Bd3 c6 16. b3 d5 17. dxe5 Nxe5 18. Nxe5 Rxe5 19. Nf3 Re8 20. e5 Nd7 21. Bc2 Nc5 22. Nd4 g6 23. axb5 cxb5 24. Qg4 Kh7 25. h4 Qd7 26. e6 Qe7 27. h5 Qf6 28. Re3 Bc8 29. Rf3 Bxe6 30.
hxg6+ Kh8 31. Qh5 Qg7 32. Bg5 fxg6 33. Bxg6 Bg4 34. Bxh6 Bxh5 35. Bxg7+ Bxg7 36. Bxh5 Re5 37. Bf7 Bh6 38. b4 Ne4 39. Nxb5 Ng5 40. Rf6 Kg7 41. Rg6+ Kh7 42. f4 Rf5 43. fxg5 Bg7 44. Rxg7+ Kxg7 45. g6 a5 46. bxa5 d4 47. Nxd4 Rfxa5 48. Ne6+ Kf6 49. Rf1+ 1-0

[Event "23rd ETCC Women 2021"]
[Site "Catez"]
[Date "2021.11.19"]
[Round "7.35"]
[White "Richterova, Natasa"]
[Black "Mrvova, Alena"]
[Result "0-1"]
[ECO "A13"]
[WhiteElo "2185"]
[BlackElo "2174"]
[Annotator "NA"]
[PlyCount "66"]
[EventDate "2021.11.08"]
[EventType "team-tourn"]
[EventCountry "SLO"]
[SourceTitle "playchess.com"]
[Source "ChessBase"]
[SourceQuality "1"]
[WhiteTeam "Czech Republic"]
[BlackTeam "Slovakia"]
[WhiteTeamCountry "CZE"]
[BlackTeamCountry "SVK"]
[TimeControl "40/5400+30:1800+30"]

1. Nf3 Nf6 2. c4 e6 3. e3 b6 4. b3 Bb7 5. Bb2 Be7 6. Nc3 O-O 7. Rc1 d5 8. Be2 Nbd7 9. O-O dxc4 10. Bxc4 a6 11. d4 Bd6 12. Re1 b5 13.
Bd3 e5 14. Nd2 exd4 15. exd4 Bf4 16. Ne2 Bxh2+ 17. Kxh2 Ng4+ 18. Kg3 Ndf6 19. Nf4 g5 20. Ne4 gxf4+ 21. Kxf4 h5 22. f3 Nxe4 23. Rxe4 Qd6+ 24. Kg5 Nf2 25. Qc2 f6+ 26. Kxh5 Bxe4 27. Qxf2 Qh2+ 28. Kg4 Bxd3 29. Qd2 Bg6 30. f4 f5+ 31. Kf3 Bh5+ 32. Kf2 Rae8 33. Re1 Qh4+ 0-1

[Event "23rd ETCC Women 2021"]
[Site "Catez"]
[Date "2021.11.19"]
[Round "7.36"]
[White "Motycakova, Monika"]
[Black "Nemcova, Karin"]
[Result "0-1"]
[ECO "B92"]
[WhiteElo "2119"]
[BlackElo "2169"]
[Annotator "NA"]
[PlyCount "80"]
[EventDate "2021.11.08"]
[EventType "team-tourn"]
[EventCountry "SLO"]
[SourceTitle "playchess.com"]
[Source "ChessBase"]
[SourceQuality "1"]
[WhiteTeam "Slovakia"]
[BlackTeam "Czech Republic"]
[WhiteTeamCountry "SVK"]
[BlackTeamCountry "CZE"]
[TimeControl "40/5400+30:1800+30"]

1. e4 c5 2. Nf3 d6 3. d4 cxd4 4. Nxd4 Nf6 5. Nc3 a6 6. Be2 e5 7. Nf3 Be7 8. Bg5 Be6 9. Bxf6 Bxf6 10. O-O O-O 11. Nd5 Nd7 12. Bc4 Rc8 13.
Qe2 Nb6 14. Nxb6 Qxb6 15. Bb3 Rfd8 16. Rfd1 a5 17. c3 Bxb3 18. axb3 Rc5 19. Qc2 d5 20. exd5 Rcxd5 21. Rxd5 Rxd5 22. Rd1 Rb5 23. Nd2 Be7 24. Nc4 Qe6 25. Ra1 b6 26. Re1 f5 27. h3 e4 28. Re2 Bg5 29. Re1 Rc5 30. Na3 b5 31. Rd1 f4 32. Re1 e3 33. fxe3 fxe3 34. Re2 Rd5 35.
Nb1 Qd6 36. Re1 Bh4 37. Rf1 Bf2+ 38. Kh1 Qg6 39. Qe2 Qg3 40. c4 Rg5 0-1

[Event "23rd ETCC Women 2021"]
[Site "Catez"]
[Date "2021.11.19"]
[Round "7.37"]
[White "Shvayger, Yuliya"]
[Black "Novkovic, Julia"]
[Result "1-0"]
[ECO "C67"]
[WhiteElo "2351"]
[BlackElo "2082"]
[Annotator "NA"]
[PlyCount "75"]
[EventDate "2021.11.08"]
[EventType "team-tourn"]
[EventCountry "SLO"]
[SourceTitle "playchess.com"]
[Source "ChessBase"]
[SourceQuality "1"]
[WhiteTeam "Israel"]
[BlackTeam "Austria"]
[WhiteTeamCountry "ISR"]
[BlackTeamCountry "AUT"]
[TimeControl "40/5400+30:1800+30"]

1. e4 e5 2. Nf3 Nc6 3. Bb5 Nf6 4. O-O Nxe4 5. d4 Nd6 6.
Ba4 e4 7. Re1 Be7 8. Ne5 O-O 9. Nc3 f5 10. Bb3+ Kh8 11. Bf4 Qe8 12. Nd5 Bd8 13. c4 Nxe5 14. Bxe5 Nf7 15. Bxc7 d6 16. f3 Bg5 17. Ba5 Rb8 18. Ba4 b5 19. Nc7 Qe7 20. Bxb5 Bb7 21. d5 a6 22. Ba4 Rfc8 23. Ne6 exf3 24. Qxf3 Rxc4 25. Bb3 Re4 26. Qxf5 Be3+ 27. Kh1 Re5 28. Qd3 Bh6 29. Bc2 g6 30. Bc3 Kg8 31. Bxe5 dxe5 32. Bb3 Qd6 33. Rf1 Re8 34. Qf3 Re7 35. Rae1 Kh8 36. Qf6+ Kg8 37. Re4 Rxe6 38. dxe6 1-0

[Event "23rd ETCC Women 2021"]
[Site "Catez"]
[Date "2021.11.19"]
[Round "7.38"]
[White "Hapala, Elisabeth"]
[Black "Klinova, Masha"]
[Result "0-1"]
[ECO "B06"]
[WhiteElo "2139"]
[BlackElo "2264"]
[Annotator "NA"]
[PlyCount "58"]
[EventDate "2021.11.08"]
[EventType "team-tourn"]
[EventCountry "SLO"]
[SourceTitle "playchess.com"]
[Source "ChessBase"]
[SourceQuality "1"]
[WhiteTeam "Austria"]
[BlackTeam "Israel"]
[WhiteTeamCountry "AUT"]
[BlackTeamCountry "ISR"]
[TimeControl "40/5400+30:1800+30"]

1. e4 d6 2. d4 g6 3. Nc3 Bg7 4. Be3 a6 5. Qd2 b5 6. h4 h5 7. f3 Nd7 8. Nh3 Ngf6 9. Ng5 Bb7 10. O-O-O e6 11. Kb1 Qe7 12. a3 Rc8 13. d5 exd5 14. exd5 Ne5 15. Bd4 O-O 16. g4 c5 17. dxc6 Bxc6 18. gxh5 Nxh5 19. Bh3 Rb8 20. Rhe1 Qb7 21. Nce4 Bxe4 22. fxe4 Qe7 23. Bg4 Nxg4 24. Bxg7 Kxg7 25. Qxd6 Qxd6 26. Rxd6 a5 27. Rd7 Kg8 28. Rf1 Ne5 29. Ra7 a4 0-1

[Event "23rd ETCC Women 2021"]
[Site "Catez"]
[Date "2021.11.19"]
[Round "7.39"]
[White "Levitan, Ronit"]
[Black "Teuschler, Barbara"]
[Result "0-1"]
[ECO "B22"]
[WhiteElo "2068"]
[BlackElo "2115"]
[Annotator "NA"]
[PlyCount "66"]
[EventDate "2021.11.08"]
[EventType "team-tourn"]
[EventCountry "SLO"]
[SourceTitle "playchess.com"]
[Source "ChessBase"]
[SourceQuality "1"]
[WhiteTeam "Israel"]
[BlackTeam "Austria"]
[WhiteTeamCountry "ISR"]
[BlackTeamCountry "AUT"]
[TimeControl "40/5400+30:1800+30"]

1. e4 c5 2. c3 Nf6 3. e5 Nd5 4. d4 cxd4 5. cxd4 d6 6. Nf3 e6 7. Bc4 Nc6 8. O-O Be7 9. exd6 Qxd6 10. Nc3 O-O 11. Re1 a6 12. Bb3 Rd8 13. Qe2 Nf6 14. Be3 b5 15. Rad1 Na5 16. Bc2 Nc4 17. Bg5 Bb7 18. Bb1 Bxf3 19. gxf3 Qb4 20. Bc1 Bf8 21. Ne4 Nd5 22. Ng5 g6 23. Qf1 Nxb2 24. Qh3 Nf6 25. Bxb2 Qxb2 26. Re4 Rd5 27. Rg4 Bg7 28. Rg3 Rxd4 29. Rxd4 Qxd4 30. Kg2 Nh5 31. Nxe6 fxe6 32. Qxe6+ Kh8 33. Qe1 Nxg3 0-1

[Event "23rd ETCC Women 2021"]
[Site "Catez"]
[Date "2021.11.19"]
[Round "7.40"]
[White "Mayrhuber, Nikola"]
[Black "Katkov, Michelle"]
[Result "1-0"]
[ECO "E20"]
[WhiteElo "2091"]
[BlackElo "2059"]
[Annotator "ChessBase"]
[PlyCount "111"]
[EventDate "2021.11.08"]
[EventType "team-tourn"]
[EventCountry "SLO"]
[SourceTitle "playchess.com"]
[Source "ChessBase"]
[SourceQuality "1"]
[WhiteTeam "Austria"]
[BlackTeam "Israel"]
[WhiteTeamCountry "AUT"]
[BlackTeamCountry "ISR"]
[TimeControl "40/5400+30:1800+30"]

1. d4 Nf6 2. c4 e6 3. Nc3 Bb4 4. Bd2 b6 5. f3 c5 6. d5 Ba6 7. e4 Bxc3 8. Bxc3 exd5 9. cxd5 Nxe4 10. fxe4 Qh4+ 11. Kd2 Qf4+ 12. Kc2 Qxe4+ 13. Bd3 Qxg2+ 14. Qe2+ Qxe2+ 15. Nxe2 Bxd3+ 16. Kxd3 f6 17. Rhg1 Kf7 18. Raf1 Na6 19. Nf4 Rhg8 20. Nh5 d6 21. Bxf6 Nb4+ 22. Kd2 Nxd5 23. Bxg7+ Ke6 24. Nf6 Rxg7 25. Rxg7 Nxf6 26.
Re1+ Kd5 27. Kc2 a6 28. Rf7 Ne4 29. Rxh7 Rf8 30. Rh5+ Kd4 31. Rd1+ Ke3 32. Rd3+ Kf2 33. Rh4 Re8 34. Rf4+ Kg2 35. h4 Re5 36. h5 c4 37. Re3 d5 38. Rh4 Kf2 39. Reh3 d4 40. Rh2+ Kf3 41. h6 d3+ 42. Kd1 c3 43. bxc3 Rb5 44. R2h3+ Kg2 45. Rxd3 Nf2+ 46. Kc2 Nxd3 47. Kxd3 Rd5+ 48. Ke4 Ra5 49. c4 Rc5 50. Kd4 Rc8 51. h7 Rh8 52. Kd5 Kg3 53. Rh1 Kf4 54. Kc6 b5 55. c5 Ke5 56. Kb7 1-0

[Event "23rd ETCC Women 2021"]
[Site "Catez"]
[Date "2021.11.19"]
[Round "7.41"]
[White "Cramling, Pia"]
[Black "Unuk, Laura"]
[Result "1/2-1/2"]
[ECO "B10"]
[WhiteElo "2457"]
[BlackElo "2353"]
[Annotator "ChessBase"]
[PlyCount "75"]
[EventDate "2021.11.08"]
[EventType "team-tourn"]
[EventCountry "SLO"]
[SourceTitle "playchess.com"]
[Source "ChessBase"]
[SourceQuality "1"]
[WhiteTeam "Sweden"]
[BlackTeam "Slovenia"]
[WhiteTeamCountry "SWE"]
[BlackTeamCountry "SLO"]
[TimeControl "40/5400+30:1800+30"]

1. c4 c6 2. e4 d5 3. cxd5 cxd5 4. exd5 Nf6 5. Qa4+ Nbd7 6. Nc3 g6 7. Nf3 Bg7 8. Bc4 O-O 9. d3 a6 10. Qa3 b6 11. O-O Bb7 12. Be3 b5 13.
Bb3 Re8 14. Qb4 Nb6 15. Bxb6 Qxb6 16. a4 Red8 17. Qxe7 Nxd5 18. Bxd5 Bxd5 19. Ng5 Qb7 20. Qxb7 Bxb7 21. axb5 axb5 22. Rxa8 Bxa8 23. Nxb5 h6 24. Ne4 Bxb2 25. Nc5 Bc6 26. Rb1 Ra8 27. h3 Bg7 28. Ne4 Rd8 29. Rb3 Be5 30. Nd2 Rd5 31. Na3 Ba4 32. Rb4 Bd7 33. Nac4 Bc3 34. Rb8+ Kg7 35. Ne4 Rxd3 36. Nxc3 Rxc3 37. Ne3 Be6 38. Rb2 1/2-1/2

[Event "23rd ETCC Women 2021"]
[Site "Catez"]
[Date "2021.11.19"]
[Round "7.42"]
[White "Urh, Zala"]
[Black "Agrest, Inna"]
[Result "1-0"]
[ECO "E93"]
[WhiteElo "2332"]
[BlackElo "2258"]
[Annotator "ChessBase"]
[PlyCount "123"]
[EventDate "2021.11.08"]
[EventType "team-tourn"]
[EventCountry "SLO"]
[SourceTitle "playchess.com"]
[Source "ChessBase"]
[SourceQuality "1"]
[WhiteTeam "Slovenia"]
[BlackTeam "Sweden"]
[WhiteTeamCountry "SLO"]
[BlackTeamCountry "SWE"]
[TimeControl "40/5400+30:1800+30"]

1. d4 Nf6 2. c4 g6 3. Nc3 Bg7 4. e4 d6 5. Nf3 O-O 6. Be2 Nbd7 7. Be3 e5 8. d5 Qe7 9. Nd2 a6 10. Qc2 c6 11. O-O h5 12. Bg5 Qe8 13. f3 Nh7 14. Be3 c5 15.
a3 f5 16. b4 b6 17. bxc5 bxc5 18. Rab1 f4 19. Bf2 g5 20. Qa4 Qg6 21. Qc6 Rb8 22. Na4 Rxb1 23. Rxb1 g4 24. Nxc5 gxf3 25. Bxf3 Nxc5 26. Bxc5 Ng5 27. Qxd6 Nxf3+ 28. Nxf3 Qxe4 29. Re1 Qxc4 30.
Rxe5 Bg4 31. Re7 Qc1+ 32. Ne1 Rf7 33. Re8+ Kh7 34. Bf2 f3 35. g3 Qd2 36. Qxa6 Qxd5 37. Ra8 Rd7 38. Ra7 Rd6 39. Qa4 Re6 40. Qb4 Kh8 41. Ra5 Qc6 42. h3 Re4 43. Qb1 Bc3 44. Rc5 Qxc5 45.
Qxe4 Qxa3 46. hxg4 hxg4 47. Qxg4 Qa1 48. Qxf3 Bxe1 49. Qf8+ Kh7 50. Qe7+ Kg6 51. Qxe1 Qa2 52. Qe4+ Kf7 53. Bd4 Qb3 54. Kg2 Qa2+ 55. Bf2 Qb2 56. g4 Qd2 57. Kg3 Qa2 58. Bd4 Kf8 59. g5 Qa5 60. Kg4 Qa2 61. Bc5+ Kf7 62. Qh7+ 1-0